 Dungeon Crawl Stone Soup version 0.31-a0-819-gf6de2f5ab6 (webtiles) character file.

Game seed: 9882127024619354771

326 qw the Shooter (level 6, -1/40 HPs)
             Began as a Gargoyle Hunter on Sept 23, 2023.
             Slain by an ogre
             ... wielding a +0 giant club
              (15 damage)
             ... on level 4 of the Dungeon.
             The game lasted 00:00:55 (2752 turns).

qw the Shooter (Gargoyle Hunter)                    Turns: 2752, Time: 00:00:55

Health: -1/40      AC:  9    Str: 15    XL:     6   Next: 49%
Magic:  6/6        EV: 11    Int:  7    God:
Gold:   160        SH:  0    Dex: 15    Spells: 5/5 levels left

rFire   . . .        Y - +0 shortbow
rCold   . . .        (shield currently unavailable)
rNeg    + . .        e - +0 ring mail
rPois   inf          (no helmet)
rElec   +            (no cloak)
rCorr   .            (no gloves)
SInv    .            (no boots)
Will    .....        (no amulet)
Stlth   +            (no ring)
HPRegen 0.26/turn    (no ring)
MPRegen 0.10/turn

%: no passive effects
@: no status effects
A: sickness immunity, AC +4, negative energy resistance 1, electricity
resistance, torment resistance 1, petrification resistance, dopey 1
a: no special abilities


You were on level 4 of the Dungeon.
You visited 1 branch of the dungeon, and saw 4 of its levels.

You collected 160 gold pieces.


Innate Abilities, Weirdness & Mutations

You are immune to sickness and miasma.
Your stone body is resilient. (AC +4)
You are immune to poison.
You resist negative energy. (rN+)
You are resistant to electric shocks. (rElec)
You are resistant to unholy torment.
You are immune to petrification.
You are dopey. (Int -2)


   Skills:
 - Level 5.4 Fighting
 - Level 5.9 Ranged Weapons
 + Level 0.9 Armour
 - Level 1.5 Dodging
 - Level 1.1 Stealth


You had 5 spell levels left.
You didn't know any spells.
Your spell library was empty.

Inventory:

Hand Weapons
 Y - a +0 shortbow (weapon)
Armour
 e - a +0 ring mail (worn)
Scrolls
 a - a scroll of identify
 b - a scroll of silence {unknown}
Potions
 d - a potion of curing
 f - a potion of mutation

Dungeon Overview and Level Annotations

Branches:
Dungeon (4/15)
 Temple: D:4-7

Altars:

Shops:
D:2 :


Message History

You shoot an arrow. The arrow hits the adder.
The adder is lightly wounded.
You shoot an arrow. The arrow hits the adder!
The adder is almost dead.
The adder bites you.
You shoot an arrow. The arrow misses the adder.
The adder bites you but does no damage.
You shoot an arrow. The arrow hits the adder.
You kill the adder!
You start resting.
HP restored.
A giant cockroach comes into view.
You shoot an arrow. The arrow hits the giant cockroach.
You kill the giant cockroach!
An ogre comes into view. It is wielding a +0 giant club.
The ogre shouts!
You shoot an arrow. The arrow hits the ogre.
The ogre is moderately wounded.
You shoot an arrow. The arrow closely misses the ogre.
You shoot an arrow. The arrow barely misses the ogre.
You shoot an arrow. The arrow hits the ogre!
The ogre is heavily wounded.
You shoot an arrow. The arrow hits the ogre!
The ogre is severely wounded.
The ogre closely misses you.
You shoot an arrow.
The arrow hits the ogre but does no damage.
The ogre is severely wounded.
The ogre hits you with a +0 giant club!
You shoot an arrow. The arrow hits the ogre.
The ogre is severely wounded.
You shoot an arrow. The arrow barely misses the ogre.
The ogre barely misses you.
You shoot an arrow.
The arrow hits the ogre but does no damage.
The ogre is severely wounded.
The ogre hits you with a +0 giant club!
You shoot an arrow. The arrow barely misses the ogre.
The ogre hits you with a +0 giant club!
You die...

......#####...........#
......................#
.##%###.###...........#
.##.# #..#######......#
.##.# ##.#######....:.#
....# #.#b~~.~#......#
.##.# #.#######......#
. #.# #.# #####......#
### #.###.#.#@..)..#
#.........O....#
#####.###.#....# #.#
#.#...... #.# #.# .....
### #.. ####. ###


You could see an ogre.

Vanquished Creatures
  Sigmund (D:2)
  Natasha (twice) (D:3)
  8 adders
  A worm (D:3)
  A dart slug (D:4)
  2 orcs (D:4)
  A bat (D:1)
  5 endoplasms
  2 giant cockroaches
  A goblin (D:1)
  4 kobolds
  4 quokkas
  3 ball pythons
  2 frilled lizards (D:2)
  7 rats
44 creatures vanquished.

Notes
Turn   | Place    | Note
-------+----------+-------------------------------------------
     0 | D:1      | qw the Gargoyle Hunter began the quest for the Orb.
     0 | D:1      | Reached XP level 1. HP: 12/12 MP: 1/1
     0 | D:1      | 0 ||| qw: Version: 0.3-a-83-gcd0e7d8
     0 | D:1      | 0 ||| qw: Game counter: 1439
     0 | D:1      | 0 ||| qw: Melee chars always use a shield: true
     0 | D:1      | 0 ||| qw: God list: Okawaru
     0 | D:1      | 0 ||| qw: Allow faded altars: false
     0 | D:1      | 0 ||| qw: Do Orc after clearing Dungeon:15 true
     0 | D:1      | 0 ||| qw: Do second Lair branch before Depths: true
     0 | D:1      | 0 ||| qw: Lair rune preference: random
     0 | D:1      | 0 ||| qw: Goals: Normal
     0 | D:1      | 0 ||| PLANNING D:1-11
   399 | D:1      | Reached XP level 2. HP: 17/17 MP: 2/2
   787 | D:1      | 787 ||| DROPPING scroll of butterflies.
   821 | D:2      | 821 ||| STAIRDANCE
   835 | D:2      | 835 ||| STAIRDANCE
   852 | D:1      | Reached XP level 3. HP: 11/21 MP: 3/3
   969 | D:2      | Noticed Sigmund
   979 | D:2      | 979 ||| Stepping ~*~*~tactically~*~*~ (retreating).
   997 | D:2      | HP: 2/22 [something (10)]
   998 | D:2      | Killed Sigmund
   999 | D:2      | Reached XP level 4. HP: 3/31 MP: 4/4
   999 | D:2      | Reached XP level 5. HP: 3/35 MP: 5/5
  1183 | D:2      | Found Ussaz's Book Boutique.
  1449 | D:2      | Reached XP level 6. HP: 37/40 MP: 6/6
  1618 | D:2      | Found a faded altar of an unknown god.
  1851 | D:2      | 1851 ||| READING 3 scrolls labelled ODOCOCICIW.
  1852 | D:2      | 1852 ||| READING scroll labelled ENKIWA ZEAZA.
  1853 | D:2      | 1853 ||| READING 3 scrolls labelled KITHAS YCUH.
  1854 | D:2      | 1854 ||| DRINKING 2 fuming grey potions.
  1855 | D:2      | 1855 ||| READING 2 scrolls of identify.
  1855 | D:2      | 1855 ||| IDENTIFYING orange potion
  1856 | D:2      | 1856 ||| DROPPING potion of brilliance.
  1857 | D:2      | 1857 ||| DROPPING 2 scrolls of blinking.
  1933 | D:3      | Noticed Natasha
  1941 | D:3      | Killed Natasha
  1983 | D:3      | Noticed Natasha
  1991 | D:3      | 1991 ||| Stepping ~*~*~tactically~*~*~ (retreating).
  1993 | D:3      | 1993 ||| Stepping ~*~*~tactically~*~*~ (retreating).
  1994 | D:3      | 1994 ||| Stepping ~*~*~tactically~*~*~ (retreating).
  1999 | D:3      | Killed Natasha
  2507 | D:3      | 2507 ||| UPGRADING to +0 ring mail.
  2517 | D:3      | 2517 ||| DROPPING +0 leather armour.
  2518 | D:3      | 2518 ||| DRINKING 2 murky puce potions.
  2518 | D:3      | Gained mutation: You are dopey. (Int -2) [potion of
                  | mutation]
  2519 | D:3      | 2519 ||| READING 2 scrolls of identify.
  2519 | D:3      | 2519 ||| IDENTIFYING viscous dark potion
  2520 | D:3      | 2520 ||| DROPPING potion of invisibility.
  2752 | D:4      | Slain by an ogre

Levels and vault maps discovered:
D:1:      lemuel_arrival_rhombus, layout_loops_corners, grunt_decor_resistance,
          nicolae_the_louvre
D:2:      layout_loops_ring, serial_shops, shop,
          dreamdust_ecumenical_altar_hidden_monk_grotto, uniq_sigmund
D:3:      layout_basic, minmay_stone_trees_small, uniq_natasha
D:4:      minmay_chambers_of_threes, layout_basic, serial_aquarium,
          aquarium_bridge_square [aquarium_subvault_bridge,
          aquarium_subvault_wall, aquarium_subvault_wall,
          aquarium_subvault_bridge], aquarium_bridge_square
          [aquarium_subvault_bridge, aquarium_subvault_wall,
          aquarium_subvault_window, aquarium_subvault_balcony],
          aquarium_window_fake, aquarium_window_fake, aquarium_window_1,
          aquarium_window_1, aquarium_view_2e, aquarium_pool_2, uniq_ijyb,
          uniq_robin, uniq_menkaure

Skill      XL: |  1  2  3 |
---------------+----------+-----
Ranged Weapons | 5 |  5.9
Fighting       | 5 |  5.4
Armour         | |  0.9
Dodging        | |  1.5
Stealth        | |  1.1

Action                     |  1- 3 |  4- 6 || total
---------------------------+-------+-------++-------
   Fire: Shortbow          |    80 |   125 ||   205
    Use: Scroll            |       |     5 ||     5
         Potion            |       |     2 ||     2
 Armour: Leather armour    |    34 |    41 ||    75
         Ring mail         |       |     9 ||     9
  Dodge: Dodged            |    36 |    37 ||    73

Table legend:
 A = Non-vault XP
 B = Vault XP
 C = Vault XP percentage of total XP
 D = Non-vault monster count
 E = Vault monster count
 F = Vault count percentage of total count
                 A         B        C        D         E       F
            +---------+---------+-------+---------+---------+-------
      Total |     201 |     266 |  57.0 |      42 |       2 |   4.5
            +---------+---------+-------+---------+---------+-------
        D:1 |      35 |       0 |   0.0 |      14 |       0 |   0.0
        D:2 |      65 |     231 |  78.0 |      14 |       1 |   6.7
        D:3 |      73 |      35 |  32.4 |       8 |       1 |  11.1
        D:4 |      28 |       0 |   0.0 |       6 |       0 |   0.0
            +---------+---------+-------+---------+---------+-------
